 Dungeon Crawl Stone Soup version 0.30.0-18-gf1372a6a44 (webtiles) character file.

Game seed: 4123631453318388149

210 qw the Chopper (level 5, -8/33 HPs)
             Began as a Gargoyle Fighter on May 23, 2023.
             Mangled by Duvessa
             ... wielding a +0 short sword
              (17 damage)
             ... on level 4 of the Dungeon.
             The game lasted 00:03:44 (3146 turns).

qw the Chopper (Gargoyle Fighter)                   Turns: 3146, Time: 00:03:44

Health: -8/33      AC: 14    Str: 21    XL:     5   Next: 88%
Magic:  5/5        EV:  9    Int:  9    God:
Gold:   245        SH:  4    Dex:  9    Spells: 4/4 levels left

rFire   . . .        Y - +2 war axe
rCold   . . .        c - +0 buckler
rNeg    + . .        b - +0 scale mail
rPois   inf          g - +2 helmet
rElec   +            (no cloak)
rCorr   .            (no gloves)
SInv    .            (no boots)
Will    .....        (no amulet) Stlth
                     (no ring)
HPRegen 0.25/turn    (no ring)
MPRegen 0.09/turn

%: no passive effects
@: no status effects
A: sickness immunity, AC +4, negative energy resistance 1, electricity
resistance, torment resistance 1, petrification resistance
a: no special abilities


You were on level 4 of the Dungeon.
You visited 1 branch of the dungeon, and saw 4 of its levels.

You collected 245 gold pieces.


Innate Abilities, Weirdness & Mutations

You are immune to sickness and miasma.
Your stone body is resilient. (AC +4)
You are immune to poison.
You resist negative energy. (rN+)
You are resistant to electric shocks. (rElec)
You are resistant to unholy torment.
You are immune to petrification.


   Skills:
 - Level 4.0 Fighting
 - Level 5.0 Axes
 - Level 3.2 Armour
 + Level 0.0 Dodging
 - Level 3.2 Shields


You had 4 spell levels left.
You didn't know any spells.
Your spell library was empty.

Inventory:

Hand Weapons
 m - a +0 whip
 Y - a +2 war axe (weapon)
Missiles
 p - a boomerang (quivered)
Armour
 b - a +0 scale mail (worn)
 c - a +0 buckler (worn)
 g - a +2 helmet (worn)
Wands
 o - a wand of digging (5)
Scrolls
 k - 2 scrolls of identify
Potions
 a - a potion of degeneration {unknown}
 d - a potion of might
 e - 2 potions of lignification
 f - a potion of resistance
 h - a potion of heal wounds {unknown}
 i - a potion of curing
 n - a potion of mutation {unknown}

Dungeon Overview and Level Annotations

Branches:
Dungeon (4/15)
 Temple: D:4-7

Altars:

Annotations:
D:4 Duvessa


Message History

You now have 245 gold pieces (gained 3).
You open the door.
Found a stone staircase leading down.
There is an open door here.
Dowan, Brother of Duvessa comes into view.
He is wielding a +0 dagger.
Dowan shouts!
Dowan moves out of view.
Duvessa, Sister of Dowan comes into view.
She is wielding a +0 short sword.
Duvessa shouts!
Duvessa yells, "You can run, but you cannot escape us forever!"
You throw a boomerang. The boomerang closely misses Duvessa.
You throw a boomerang. The boomerang barely misses Duvessa.
You block Dowan's attack.
You slash Dowan!
Dowan is severely wounded.
Dowan hits you but does no damage.
You closely miss Dowan.
Dowan is severely wounded.
Dowan hits you but does no damage.
You slash Dowan!
Dowan is almost dead.
You barely miss Duvessa. Dowan hits you but does no damage.
You block Duvessa's attack.
You hit Dowan.
You kill Dowan!
Duvessa screams in rage.
Duvessa goes berserk!
You hit Duvessa. Duvessa hits you with a +0 short sword!
Duvessa hits you with a +0 short sword.
Your Fighting skill increases to level 4!
You closely miss Duvessa.
Duvessa is lightly wounded.
Duvessa closely misses you. Duvessa hits you with a +0 short sword!
You hit Duvessa.
Duvessa is lightly wounded.
You block Duvessa's attack. Duvessa hits you but does no damage.
You hit Duvessa but do no damage.
Duvessa is lightly wounded.
Duvessa hits you with a +0 short sword. Duvessa hits you with a +0 short sword!
Ouch! That really hurt!
You die...

#.........#
+.........+
#.........#
##.......##
##.....##
##...##
##'## #.#
#@# #...e).#
#.#.>.....
..
..........
##
...........
#.##.#.#...#
#. ###.#####
#. .#


You could see Duvessa (berserk).

Vanquished Creatures
  Dowan (D:4)
  An iguana (D:4)
  5 adders (D:2)
  2 worms (D:4)
  2 dart slugs
  4 orcs (D:3)
  13 ball pythons
  2 endoplasms
  11 goblins
  8 hobgoblins
  5 jackals
  4 kobolds
  5 quokkas
  5 bats
  3 frilled lizards
  2 rats
73 creatures vanquished.

Notes
Turn   | Place    | Note
-------+----------+-------------------------------------------
     0 | D:1      | qw the Gargoyle Fighter began the quest for the Orb.
     0 | D:1      | Reached XP level 1. HP: 14/14 MP: 1/1
     0 | D:1      | 0 ||| qw: Version: 0.2-a-98-g5d7165a
     0 | D:1      | 0 ||| qw: Game counter: 1
     0 | D:1      | 0 ||| qw: Always use a shield: true
     0 | D:1      | 0 ||| qw: God list: Okawaru
     0 | D:1      | 0 ||| qw: Allow faded altars: false
     0 | D:1      | 0 ||| qw: Do Orc after D:15 true
     0 | D:1      | 0 ||| qw: Do second Lair branch before Depths: true
     0 | D:1      | 0 ||| qw: Lair rune preference: random
     0 | D:1      | 0 ||| qw: Plans: Normal, Zot:1-4, God:TSO, Crypt, Tomb,
                  | Pan, Slime:5, Hells, Abyss, Win
     0 | D:1      | 0 ||| PLANNING D:1-11
    59 | D:1      | Reached skill level 2 in Axes
    76 | D:1      | Reached XP level 2. HP: 17/19 MP: 2/2
   136 | D:1      | 136 ||| Stepping ~*~*~tactically~*~*~ (stealth).
   145 | D:1      | 145 ||| Stepping ~*~*~tactically~*~*~ (stealth).
   150 | D:1      | 150 ||| Stepping ~*~*~tactically~*~*~ (stealth).
   168 | D:1      | 168 ||| Stepping ~*~*~tactically~*~*~ (stealth).
   169 | D:1      | 169 ||| Stepping ~*~*~tactically~*~*~ (stealth).
   170 | D:1      | 170 ||| Stepping ~*~*~tactically~*~*~ (stealth).
   171 | D:1      | 171 ||| Stepping ~*~*~tactically~*~*~ (stealth).
   173 | D:1      | 173 ||| Stepping ~*~*~tactically~*~*~ (stealth).
   174 | D:1      | 174 ||| Stepping ~*~*~tactically~*~*~ (stealth).
   185 | D:1      | Reached skill level 3 in Axes
   232 | D:1      | 232 ||| Stepping ~*~*~tactically~*~*~ (hiding).
   233 | D:1      | 233 ||| Stepping ~*~*~tactically~*~*~ (hiding).
   241 | D:1      | Reached XP level 3. HP: 23/23 MP: 3/3
   303 | D:1      | 303 ||| Stepping ~*~*~tactically~*~*~ (stealth).
   374 | D:1      | 374 ||| DROPPING +0 club.
   534 | D:1      | You fall into a shaft and drop 1 floor!
   535 | D:2      | 535 ||| UPGRADING to +1 helmet.
   540 | D:2      | 540 ||| READING scroll labelled SIGUAS KACI.
   541 | D:2      | 541 ||| READING scroll labelled FAESENECSI.
   542 | D:2      | 542 ||| READING scroll labelled VEMAATEBRI.
   558 | D:2      | 558 ||| READING scroll labelled DOIWIM YNLE.
   559 | D:2      | 559 ||| READING scroll labelled VEUTOO KINTA.
   560 | D:2      | 560 ||| READING scroll labelled VUEPHIBBOLI.
   561 | D:2      | 561 ||| DRINKING 2 fizzy brown potions.
   562 | D:2      | 562 ||| Stepping randomly (stuck).
   563 | D:2      | 563 ||| Stepping randomly (stuck).
   564 | D:2      | 564 ||| Stepping randomly (stuck).
   565 | D:2      | 565 ||| Stepping randomly (stuck).
   566 | D:2      | 566 ||| Stepping randomly (stuck).
   567 | D:2      | 567 ||| Stepping randomly (stuck).
   568 | D:2      | 568 ||| Stepping randomly (stuck).
   569 | D:2      | 569 ||| Stepping randomly (stuck).
   570 | D:2      | 570 ||| Stepping randomly (stuck).
   571 | D:2      | 571 ||| Stepping randomly (stuck).
   572 | D:2      | 572 ||| Stepping randomly (stuck).
   598 | D:2      | 598 ||| Stepping randomly (stuck).
   599 | D:2      | 599 ||| Stepping randomly (stuck).
   600 | D:2      | 600 ||| Stepping randomly (stuck).
   601 | D:2      | 601 ||| Stepping randomly (stuck).
   602 | D:2      | 602 ||| Stepping randomly (stuck).
   603 | D:2      | 603 ||| Stepping randomly (stuck).
   604 | D:2      | 604 ||| Stepping randomly (stuck).
   605 | D:2      | 605 ||| Stepping randomly (stuck).
   606 | D:2      | 606 ||| Stepping randomly (stuck).
   607 | D:2      | 607 ||| Stepping randomly (stuck).
   608 | D:2      | 608 ||| Stepping randomly (stuck).
   609 | D:2      | 609 ||| Stepping randomly (stuck).
   610 | D:2      | 610 ||| Stepping randomly (stuck).
   611 | D:2      | 611 ||| Stepping randomly (stuck).
   612 | D:2      | 612 ||| Stepping randomly (stuck).
   613 | D:2      | 613 ||| Stepping randomly (stuck).
   614 | D:2      | 614 ||| Stepping randomly (stuck).
   615 | D:2      | 615 ||| Stepping randomly (stuck).
   616 | D:2      | 616 ||| Stepping randomly (stuck).
   617 | D:2      | 617 ||| Stepping randomly (stuck).
   618 | D:2      | 618 ||| Stepping randomly (stuck).
   619 | D:2      | 619 ||| Stepping randomly (stuck).
   620 | D:2      | 620 ||| Stepping randomly (stuck).
   621 | D:2      | 621 ||| Stepping randomly (stuck).
   622 | D:2      | 622 ||| Stepping randomly (stuck).
   623 | D:2      | 623 ||| Stepping randomly (stuck).
   624 | D:2      | 624 ||| Stepping randomly (stuck).
   625 | D:2      | 625 ||| Stepping randomly (stuck).
   626 | D:2      | 626 ||| Stepping randomly (stuck).
   627 | D:2      | 627 ||| Stepping randomly (stuck).
   628 | D:2      | 628 ||| Stepping randomly (stuck).
   637 | D:2      | 637 ||| Stepping randomly (stuck).
   638 | D:2      | 638 ||| Stepping randomly (stuck).
   639 | D:2      | 639 ||| Stepping randomly (stuck).
   640 | D:2      | 640 ||| Stepping randomly (stuck).
   641 | D:2      | 641 ||| Stepping randomly (stuck).
   642 | D:2      | 642 ||| Stepping randomly (stuck).
   643 | D:2      | 643 ||| Stepping randomly (stuck).
   644 | D:2      | 644 ||| Stepping randomly (stuck).
   645 | D:2      | 645 ||| Stepping randomly (stuck).
   646 | D:2      | 646 ||| Stepping randomly (stuck).
   647 | D:2      | 647 ||| Stepping randomly (stuck).
   648 | D:2      | 648 ||| Stepping randomly (stuck).
   649 | D:2      | 649 ||| Stepping randomly (stuck).
   650 | D:2      | 650 ||| Stepping randomly (stuck).
   651 | D:2      | 651 ||| Stepping randomly (stuck).
   652 | D:2      | 652 ||| Stepping randomly (stuck).
   653 | D:2      | 653 ||| Stepping randomly (stuck).
   654 | D:2      | 654 ||| Stepping randomly (stuck).
   655 | D:2      | 655 ||| Stepping randomly (stuck).
   656 | D:2      | 656 ||| Stepping randomly (stuck).
   657 | D:2      | 657 ||| Stepping randomly (stuck).
   658 | D:2      | 658 ||| Stepping randomly (stuck).
   659 | D:2      | 659 ||| Stepping randomly (stuck).
   660 | D:2      | 660 ||| Stepping randomly (stuck).
   661 | D:2      | 661 ||| Stepping randomly (stuck).
   662 | D:2      | 662 ||| Stepping randomly (stuck).
   663 | D:2      | 663 ||| Stepping randomly (stuck).
   664 | D:2      | 664 ||| Stepping randomly (stuck).
   665 | D:2      | 665 ||| Stepping randomly (stuck).
   666 | D:2      | 666 ||| Stepping randomly (stuck).
   667 | D:2      | 667 ||| Stepping randomly (stuck).
   668 | D:2      | 668 ||| Stepping randomly (stuck).
   669 | D:2      | 669 ||| Stepping randomly (stuck).
   670 | D:2      | 670 ||| Stepping randomly (stuck).
   671 | D:2      | 671 ||| Stepping randomly (stuck).
   672 | D:2      | 672 ||| Stepping randomly (stuck).
   673 | D:2      | 673 ||| Stepping randomly (stuck).
   674 | D:2      | 674 ||| Stepping randomly (stuck).
   675 | D:2      | 675 ||| Stepping randomly (stuck).
   676 | D:2      | 676 ||| Stepping randomly (stuck).
   677 | D:2      | 677 ||| Stepping randomly (stuck).
   678 | D:2      | 678 ||| Stepping randomly (stuck).
   679 | D:2      | 679 ||| Stepping randomly (stuck).
   680 | D:2      | 680 ||| Stepping randomly (stuck).
   681 | D:2      | 681 ||| Stepping randomly (stuck).
   682 | D:2      | 682 ||| Stepping randomly (stuck).
   683 | D:2      | 683 ||| Stepping randomly (stuck).
   684 | D:2      | 684 ||| Stepping randomly (stuck).
   685 | D:2      | 685 ||| Stepping randomly (stuck).
   686 | D:2      | 686 ||| Stepping randomly (stuck).
   687 | D:2      | 687 ||| Stepping randomly (stuck).
   688 | D:2      | 688 ||| Stepping randomly (stuck).
   689 | D:2      | 689 ||| Stepping randomly (stuck).
   690 | D:2      | 690 ||| Stepping randomly (stuck).
   691 | D:2      | 691 ||| Stepping randomly (stuck).
   692 | D:2      | 692 ||| Stepping randomly (stuck).
   693 | D:2      | 693 ||| Stepping randomly (stuck).
   694 | D:2      | 694 ||| Stepping randomly (stuck).
   695 | D:2      | 695 ||| Stepping randomly (stuck).
   696 | D:2      | 696 ||| Stepping randomly (stuck).
   697 | D:2      | 697 ||| Stepping randomly (stuck).
   698 | D:2      | 698 ||| Stepping randomly (stuck).
   699 | D:2      | 699 ||| Stepping randomly (stuck).
   700 | D:2      | 700 ||| Stepping randomly (stuck).
   701 | D:2      | 701 ||| Stepping randomly (stuck).
   702 | D:2      | 702 ||| Stepping randomly (stuck).
   703 | D:2      | 703 ||| Stepping randomly (stuck).
   704 | D:2      | 704 ||| Stepping randomly (stuck).
   705 | D:2      | 705 ||| Stepping randomly (stuck).
   706 | D:2      | 706 ||| Stepping randomly (stuck).
   707 | D:2      | 707 ||| Stepping randomly (stuck).
   708 | D:2      | 708 ||| Stepping randomly (stuck).
   709 | D:2      | 709 ||| Stepping randomly (stuck).
   710 | D:2      | 710 ||| Stepping randomly (stuck).
   711 | D:2      | 711 ||| Stepping randomly (stuck).
   712 | D:2      | 712 ||| Stepping randomly (stuck).
   713 | D:2      | 713 ||| Stepping randomly (stuck).
   714 | D:2      | 714 ||| Stepping randomly (stuck).
   715 | D:2      | 715 ||| Stepping randomly (stuck).
   716 | D:2      | 716 ||| Stepping randomly (stuck).
   717 | D:2      | 717 ||| Stepping randomly (stuck).
   718 | D:2      | 718 ||| Stepping randomly (stuck).
   719 | D:2      | 719 ||| Stepping randomly (stuck).
   720 | D:2      | 720 ||| Stepping randomly (stuck).
   721 | D:2      | 721 ||| Stepping randomly (stuck).
   722 | D:2      | 722 ||| Stepping randomly (stuck).
   723 | D:2      | 723 ||| Stepping randomly (stuck).
   724 | D:2      | 724 ||| Stepping randomly (stuck).
   725 | D:2      | 725 ||| Stepping randomly (stuck).
   726 | D:2      | 726 ||| Stepping randomly (stuck).
   727 | D:2      | 727 ||| Stepping randomly (stuck).
   728 | D:2      | 728 ||| Stepping randomly (stuck).
   729 | D:2      | 729 ||| Stepping randomly (stuck).
   730 | D:2      | 730 ||| Stepping randomly (stuck).
   731 | D:2      | 731 ||| Stepping randomly (stuck).
   732 | D:2      | 732 ||| Stepping randomly (stuck).
   733 | D:2      | 733 ||| Stepping randomly (stuck).
   734 | D:2      | 734 ||| Stepping randomly (stuck).
   735 | D:2      | 735 ||| Stepping randomly (stuck).
   736 | D:2      | 736 ||| Stepping randomly (stuck).
   737 | D:2      | 737 ||| Stepping randomly (stuck).
   738 | D:2      | 738 ||| Stepping randomly (stuck).
   739 | D:2      | 739 ||| Stepping randomly (stuck).
   740 | D:2      | 740 ||| Stepping randomly (stuck).
   741 | D:2      | 741 ||| Stepping randomly (stuck).
   742 | D:2      | 742 ||| Stepping randomly (stuck).
   743 | D:2      | 743 ||| Stepping randomly (stuck).
   744 | D:2      | 744 ||| Stepping randomly (stuck).
   745 | D:2      | 745 ||| Stepping randomly (stuck).
   746 | D:2      | 746 ||| Stepping randomly (stuck).
   747 | D:2      | 747 ||| Stepping randomly (stuck).
   748 | D:2      | 748 ||| Stepping randomly (stuck).
   749 | D:2      | 749 ||| Stepping randomly (stuck).
   750 | D:2      | 750 ||| Stepping randomly (stuck).
   751 | D:2      | 751 ||| Stepping randomly (stuck).
   752 | D:2      | 752 ||| Stepping randomly (stuck).
   753 | D:2      | 753 ||| Stepping randomly (stuck).
   754 | D:2      | 754 ||| Stepping randomly (stuck).
   755 | D:2      | 755 ||| Stepping randomly (stuck).
   756 | D:2      | 756 ||| Stepping randomly (stuck).
   757 | D:2      | 757 ||| Stepping randomly (stuck).
   758 | D:2      | 758 ||| Stepping randomly (stuck).
   759 | D:2      | 759 ||| Stepping randomly (stuck).
   760 | D:2      | 760 ||| Stepping randomly (stuck).
   761 | D:2      | 761 ||| Stepping randomly (stuck).
   762 | D:2      | 762 ||| Stepping randomly (stuck).
   763 | D:2      | 763 ||| Stepping randomly (stuck).
   764 | D:2      | 764 ||| Stepping randomly (stuck).
   765 | D:2      | 765 ||| Stepping randomly (stuck).
   766 | D:2      | 766 ||| Stepping randomly (stuck).
   767 | D:2      | 767 ||| Stepping randomly (stuck).
   768 | D:2      | 768 ||| Stepping randomly (stuck).
   769 | D:2      | 769 ||| Stepping randomly (stuck).
   770 | D:2      | 770 ||| Stepping randomly (stuck).
   771 | D:2      | 771 ||| Stepping randomly (stuck).
   772 | D:2      | 772 ||| Stepping randomly (stuck).
   773 | D:2      | 773 ||| Stepping randomly (stuck).
   774 | D:2      | 774 ||| Stepping randomly (stuck).
   775 | D:2      | 775 ||| Stepping randomly (stuck).
   776 | D:2      | 776 ||| Stepping randomly (stuck).
   777 | D:2      | 777 ||| Stepping randomly (stuck).
   778 | D:2      | 778 ||| Stepping randomly (stuck).
   779 | D:2      | 779 ||| Stepping randomly (stuck).
   780 | D:2      | 780 ||| Stepping randomly (stuck).
   781 | D:2      | 781 ||| Stepping randomly (stuck).
   782 | D:2      | 782 ||| Stepping randomly (stuck).
   783 | D:2      | 783 ||| Stepping randomly (stuck).
   784 | D:2      | 784 ||| Stepping randomly (stuck).
   785 | D:2      | 785 ||| Stepping randomly (stuck).
   786 | D:2      | 786 ||| Stepping randomly (stuck).
   787 | D:2      | 787 ||| Stepping randomly (stuck).
   788 | D:2      | 788 ||| Stepping randomly (stuck).
   789 | D:2      | 789 ||| Stepping randomly (stuck).
   790 | D:2      | 790 ||| Stepping randomly (stuck).
   791 | D:2      | 791 ||| Stepping randomly (stuck).
   792 | D:2      | 792 ||| Stepping randomly (stuck).
   793 | D:2      | 793 ||| Stepping randomly (stuck).
   794 | D:2      | 794 ||| Stepping randomly (stuck).
   795 | D:2      | 795 ||| Stepping randomly (stuck).
   796 | D:2      | 796 ||| Stepping randomly (stuck).
   797 | D:2      | 797 ||| Stepping randomly (stuck).
   798 | D:2      | 798 ||| Stepping randomly (stuck).
   799 | D:2      | 799 ||| Stepping randomly (stuck).
   800 | D:2      | 800 ||| Stepping randomly (stuck).
   801 | D:2      | 801 ||| Stepping randomly (stuck).
   802 | D:2      | 802 ||| Stepping randomly (stuck).
   803 | D:2      | 803 ||| Stepping randomly (stuck).
   804 | D:2      | 804 ||| Stepping randomly (stuck).
   805 | D:2      | 805 ||| Stepping randomly (stuck).
   806 | D:2      | 806 ||| Stepping randomly (stuck).
   807 | D:2      | 807 ||| Stepping randomly (stuck).
   808 | D:2      | 808 ||| Stepping randomly (stuck).
   809 | D:2      | 809 ||| Stepping randomly (stuck).
   810 | D:2      | 810 ||| Stepping randomly (stuck).
   811 | D:2      | 811 ||| Stepping randomly (stuck).
   812 | D:2      | 812 ||| Stepping randomly (stuck).
   813 | D:2      | 813 ||| Stepping randomly (stuck).
   814 | D:2      | 814 ||| Stepping randomly (stuck).
   815 | D:2      | 815 ||| Stepping randomly (stuck).
   816 | D:2      | 816 ||| Stepping randomly (stuck).
   817 | D:2      | 817 ||| Stepping randomly (stuck).
   818 | D:2      | 818 ||| Stepping randomly (stuck).
   819 | D:2      | 819 ||| Stepping randomly (stuck).
   820 | D:2      | 820 ||| Stepping randomly (stuck).
   821 | D:2      | 821 ||| Stepping randomly (stuck).
   822 | D:2      | 822 ||| Stepping randomly (stuck).
   823 | D:2      | 823 ||| Stepping randomly (stuck).
   824 | D:2      | 824 ||| Stepping randomly (stuck).
   825 | D:2      | 825 ||| Stepping randomly (stuck).
   826 | D:2      | 826 ||| Stepping randomly (stuck).
   827 | D:2      | 827 ||| Stepping randomly (stuck).
   828 | D:2      | 828 ||| Stepping randomly (stuck).
   829 | D:2      | 829 ||| Stepping randomly (stuck).
   830 | D:2      | 830 ||| Stepping randomly (stuck).
   831 | D:2      | 831 ||| Stepping randomly (stuck).
   832 | D:2      | 832 ||| Stepping randomly (stuck).
   833 | D:2      | 833 ||| Stepping randomly (stuck).
   834 | D:2      | 834 ||| Stepping randomly (stuck).
   835 | D:2      | 835 ||| Stepping randomly (stuck).
   836 | D:2      | 836 ||| Stepping randomly (stuck).
   837 | D:2      | 837 ||| Stepping randomly (stuck).
   838 | D:2      | 838 ||| Stepping randomly (stuck).
   839 | D:2      | 839 ||| Stepping randomly (stuck).
   840 | D:2      | 840 ||| Stepping randomly (stuck).
   841 | D:2      | 841 ||| Stepping randomly (stuck).
   842 | D:2      | 842 ||| Stepping randomly (stuck).
   843 | D:2      | 843 ||| Stepping randomly (stuck).
   844 | D:2      | 844 ||| Stepping randomly (stuck).
   845 | D:2      | 845 ||| Stepping randomly (stuck).
   846 | D:2      | 846 ||| Stepping randomly (stuck).
   847 | D:2      | 847 ||| Stepping randomly (stuck).
   848 | D:2      | 848 ||| Stepping randomly (stuck).
   849 | D:2      | 849 ||| Stepping randomly (stuck).
   850 | D:2      | 850 ||| Stepping randomly (stuck).
   851 | D:2      | 851 ||| Stepping randomly (stuck).
   852 | D:2      | 852 ||| Stepping randomly (stuck).
   853 | D:2      | 853 ||| Stepping randomly (stuck).
   854 | D:2      | 854 ||| Stepping randomly (stuck).
   855 | D:2      | 855 ||| Stepping randomly (stuck).
   856 | D:2      | 856 ||| Stepping randomly (stuck).
   857 | D:2      | 857 ||| Stepping randomly (stuck).
   858 | D:2      | 858 ||| Stepping randomly (stuck).
   859 | D:2      | 859 ||| Stepping randomly (stuck).
   860 | D:2      | 860 ||| Stepping randomly (stuck).
   861 | D:2      | 861 ||| Stepping randomly (stuck).
   862 | D:2      | 862 ||| Stepping randomly (stuck).
   863 | D:2      | 863 ||| Stepping randomly (stuck).
   864 | D:2      | 864 ||| Stepping randomly (stuck).
   865 | D:2      | 865 ||| Stepping randomly (stuck).
   866 | D:2      | 866 ||| Stepping randomly (stuck).
   867 | D:2      | 867 ||| Stepping randomly (stuck).
   868 | D:2      | 868 ||| Stepping randomly (stuck).
   869 | D:2      | 869 ||| Stepping randomly (stuck).
   870 | D:2      | 870 ||| Stepping randomly (stuck).
   871 | D:2      | 871 ||| Stepping randomly (stuck).
   872 | D:2      | 872 ||| Stepping randomly (stuck).
   873 | D:2      | 873 ||| Stepping randomly (stuck).
   874 | D:2      | 874 ||| Stepping randomly (stuck).
   875 | D:2      | 875 ||| Stepping randomly (stuck).
   876 | D:2      | 876 ||| Stepping randomly (stuck).
   877 | D:2      | 877 ||| Stepping randomly (stuck).
   878 | D:2      | 878 ||| Stepping randomly (stuck).
   879 | D:2      | 879 ||| Stepping randomly (stuck).
   880 | D:2      | 880 ||| Stepping randomly (stuck).
   881 | D:2      | 881 ||| Stepping randomly (stuck).
   882 | D:2      | 882 ||| Stepping randomly (stuck).
   883 | D:2      | 883 ||| Stepping randomly (stuck).
   884 | D:2      | 884 ||| Stepping randomly (stuck).
   885 | D:2      | 885 ||| Stepping randomly (stuck).
   886 | D:2      | 886 ||| Stepping randomly (stuck).
   887 | D:2      | 887 ||| Stepping randomly (stuck).
   888 | D:2      | 888 ||| Stepping randomly (stuck).
   889 | D:2      | 889 ||| Stepping randomly (stuck).
   890 | D:2      | 890 ||| Stepping randomly (stuck).
   891 | D:2      | 891 ||| Stepping randomly (stuck).
   892 | D:2      | 892 ||| Stepping randomly (stuck).
   893 | D:2      | 893 ||| Stepping randomly (stuck).
   894 | D:2      | 894 ||| Stepping randomly (stuck).
   895 | D:2      | 895 ||| Stepping randomly (stuck).
   896 | D:2      | 896 ||| Stepping randomly (stuck).
   897 | D:2      | 897 ||| Stepping randomly (stuck).
   898 | D:2      | 898 ||| Stepping randomly (stuck).
   899 | D:2      | 899 ||| Stepping randomly (stuck).
   900 | D:2      | 900 ||| Stepping randomly (stuck).
   901 | D:2      | 901 ||| Stepping randomly (stuck).
   902 | D:2      | 902 ||| Stepping randomly (stuck).
   903 | D:2      | 903 ||| Stepping randomly (stuck).
   904 | D:2      | 904 ||| Stepping randomly (stuck).
   905 | D:2      | 905 ||| Stepping randomly (stuck).
   906 | D:2      | 906 ||| Stepping randomly (stuck).
   907 | D:2      | 907 ||| Stepping randomly (stuck).
   908 | D:2      | 908 ||| Stepping randomly (stuck).
   909 | D:2      | 909 ||| Stepping randomly (stuck).
   910 | D:2      | 910 ||| Stepping randomly (stuck).
   911 | D:2      | 911 ||| Stepping randomly (stuck).
   912 | D:2      | 912 ||| Stepping randomly (stuck).
   913 | D:2      | 913 ||| Stepping randomly (stuck).
   914 | D:2      | 914 ||| Stepping randomly (stuck).
   915 | D:2      | 915 ||| Stepping randomly (stuck).
   916 | D:2      | 916 ||| Stepping randomly (stuck).
   917 | D:2      | 917 ||| Stepping randomly (stuck).
   918 | D:2      | 918 ||| Stepping randomly (stuck).
   919 | D:2      | 919 ||| Stepping randomly (stuck).
   920 | D:2      | 920 ||| Stepping randomly (stuck).
   921 | D:2      | 921 ||| Stepping randomly (stuck).
   922 | D:2      | 922 ||| Stepping randomly (stuck).
   923 | D:2      | 923 ||| Stepping randomly (stuck).
   924 | D:2      | 924 ||| Stepping randomly (stuck).
   925 | D:2      | 925 ||| Stepping randomly (stuck).
   926 | D:2      | 926 ||| Stepping randomly (stuck).
   927 | D:2      | 927 ||| Stepping randomly (stuck).
   928 | D:2      | 928 ||| Stepping randomly (stuck).
   929 | D:2      | 929 ||| Stepping randomly (stuck).
   930 | D:2      | 930 ||| Stepping randomly (stuck).
   931 | D:2      | 931 ||| Stepping randomly (stuck).
   932 | D:2      | 932 ||| Stepping randomly (stuck).
   933 | D:2      | 933 ||| Stepping randomly (stuck).
   934 | D:2      | 934 ||| Stepping randomly (stuck).
   935 | D:2      | 935 ||| Stepping randomly (stuck).
   936 | D:2      | 936 ||| Stepping randomly (stuck).
   937 | D:2      | 937 ||| Stepping randomly (stuck).
   938 | D:2      | 938 ||| Stepping randomly (stuck).
   939 | D:2      | 939 ||| Stepping randomly (stuck).
   940 | D:2      | 940 ||| Stepping randomly (stuck).
   941 | D:2      | 941 ||| Stepping randomly (stuck).
   942 | D:2      | 942 ||| Stepping randomly (stuck).
   943 | D:2      | 943 ||| Stepping randomly (stuck).
   944 | D:2      | 944 ||| Stepping randomly (stuck).
   945 | D:2      | 945 ||| Stepping randomly (stuck).
   946 | D:2      | 946 ||| Stepping randomly (stuck).
   947 | D:2      | 947 ||| Stepping randomly (stuck).
   948 | D:2      | 948 ||| Stepping randomly (stuck).
   949 | D:2      | 949 ||| Stepping randomly (stuck).
   950 | D:2      | 950 ||| Stepping randomly (stuck).
   951 | D:2      | 951 ||| Stepping randomly (stuck).
   952 | D:2      | 952 ||| Stepping randomly (stuck).
   953 | D:2      | 953 ||| Stepping randomly (stuck).
   954 | D:2      | 954 ||| Stepping randomly (stuck).
   955 | D:2      | 955 ||| Stepping randomly (stuck).
   956 | D:2      | 956 ||| Stepping randomly (stuck).
   957 | D:2      | 957 ||| Stepping randomly (stuck).
   958 | D:2      | 958 ||| Stepping randomly (stuck).
   959 | D:2      | 959 ||| Stepping randomly (stuck).
   960 | D:2      | 960 ||| Stepping randomly (stuck).
   961 | D:2      | 961 ||| Stepping randomly (stuck).
   962 | D:2      | 962 ||| Stepping randomly (stuck).
   963 | D:2      | 963 ||| Stepping randomly (stuck).
   964 | D:2      | 964 ||| Stepping randomly (stuck).
   965 | D:2      | 965 ||| Stepping randomly (stuck).
   966 | D:2      | 966 ||| Stepping randomly (stuck).
   967 | D:2      | 967 ||| Stepping randomly (stuck).
   968 | D:2      | 968 ||| Stepping randomly (stuck).
   969 | D:2      | 969 ||| Stepping randomly (stuck).
   970 | D:2      | 970 ||| Stepping randomly (stuck).
   971 | D:2      | 971 ||| Stepping randomly (stuck).
   972 | D:2      | 972 ||| Stepping randomly (stuck).
   973 | D:2      | 973 ||| Stepping randomly (stuck).
   974 | D:2      | 974 ||| Stepping randomly (stuck).
   975 | D:2      | 975 ||| Stepping randomly (stuck).
   976 | D:2      | 976 ||| Stepping randomly (stuck).
   977 | D:2      | 977 ||| Stepping randomly (stuck).
   978 | D:2      | 978 ||| Stepping randomly (stuck).
   979 | D:2      | 979 ||| Stepping randomly (stuck).
   980 | D:2      | 980 ||| Stepping randomly (stuck).
   981 | D:2      | 981 ||| Stepping randomly (stuck).
   982 | D:2      | 982 ||| Stepping randomly (stuck).
   983 | D:2      | 983 ||| Stepping randomly (stuck).
   984 | D:2      | 984 ||| Stepping randomly (stuck).
   985 | D:2      | 985 ||| Stepping randomly (stuck).
   986 | D:2      | 986 ||| Stepping randomly (stuck).
   987 | D:2      | 987 ||| Stepping randomly (stuck).
   988 | D:2      | 988 ||| Stepping randomly (stuck).
   989 | D:2      | 989 ||| Stepping randomly (stuck).
   990 | D:2      | 990 ||| Stepping randomly (stuck).
   991 | D:2      | 991 ||| Stepping randomly (stuck).
   992 | D:2      | 992 ||| Stepping randomly (stuck).
   993 | D:2      | 993 ||| Stepping randomly (stuck).
   994 | D:2      | 994 ||| Stepping randomly (stuck).
   995 | D:2      | 995 ||| Stepping randomly (stuck).
   996 | D:2      | 996 ||| Stepping randomly (stuck).
   997 | D:2      | 997 ||| Stepping randomly (stuck).
   998 | D:2      | 998 ||| Stepping randomly (stuck).
   999 | D:2      | 999 ||| Stepping randomly (stuck).
  1000 | D:2      | 1000 ||| Stepping randomly (stuck).
  1001 | D:2      | 1001 ||| Stepping randomly (stuck).
  1002 | D:2      | 1002 ||| Stepping randomly (stuck).
  1003 | D:2      | 1003 ||| Stepping randomly (stuck).
  1004 | D:2      | 1004 ||| Stepping randomly (stuck).
  1005 | D:2      | 1005 ||| Stepping randomly (stuck).
  1006 | D:2      | 1006 ||| Stepping randomly (stuck).
  1007 | D:2      | 1007 ||| Stepping randomly (stuck).
  1008 | D:2      | 1008 ||| Stepping randomly (stuck).
  1009 | D:2      | 1009 ||| Stepping randomly (stuck).
  1010 | D:2      | 1010 ||| Stepping randomly (stuck).
  1011 | D:2      | 1011 ||| Stepping randomly (stuck).
  1012 | D:2      | 1012 ||| Stepping randomly (stuck).
  1013 | D:2      | 1013 ||| Stepping randomly (stuck).
  1014 | D:2      | 1014 ||| Stepping randomly (stuck).
  1015 | D:2      | 1015 ||| Stepping randomly (stuck).
  1016 | D:2      | 1016 ||| Stepping randomly (stuck).
  1017 | D:2      | 1017 ||| Stepping randomly (stuck).
  1018 | D:2      | 1018 ||| Stepping randomly (stuck).
  1019 | D:2      | 1019 ||| Stepping randomly (stuck).
  1020 | D:2      | 1020 ||| Stepping randomly (stuck).
  1021 | D:2      | 1021 ||| Stepping randomly (stuck).
  1022 | D:2      | 1022 ||| Stepping randomly (stuck).
  1023 | D:2      | 1023 ||| Stepping randomly (stuck).
  1024 | D:2      | 1024 ||| Stepping randomly (stuck).
  1025 | D:2      | 1025 ||| Stepping randomly (stuck).
  1026 | D:2      | 1026 ||| Stepping randomly (stuck).
  1027 | D:2      | 1027 ||| Stepping randomly (stuck).
  1028 | D:2      | 1028 ||| Stepping randomly (stuck).
  1029 | D:2      | 1029 ||| Stepping randomly (stuck).
  1030 | D:2      | 1030 ||| Stepping randomly (stuck).
  1031 | D:2      | 1031 ||| Stepping randomly (stuck).
  1032 | D:2      | 1032 ||| Stepping randomly (stuck).
  1033 | D:2      | 1033 ||| Stepping randomly (stuck).
  1034 | D:2      | 1034 ||| Stepping randomly (stuck).
  1035 | D:2      | 1035 ||| Stepping randomly (stuck).
  1036 | D:2      | 1036 ||| Stepping randomly (stuck).
  1037 | D:2      | 1037 ||| Stepping randomly (stuck).
  1038 | D:2      | 1038 ||| Stepping randomly (stuck).
  1039 | D:2      | 1039 ||| Stepping randomly (stuck).
  1040 | D:2      | 1040 ||| Stepping randomly (stuck).
  1041 | D:2      | 1041 ||| Stepping randomly (stuck).
  1042 | D:2      | 1042 ||| Stepping randomly (stuck).
  1043 | D:2      | 1043 ||| Stepping randomly (stuck).
  1044 | D:2      | 1044 ||| Stepping randomly (stuck).
  1045 | D:2      | 1045 ||| Stepping randomly (stuck).
  1046 | D:2      | 1046 ||| Stepping randomly (stuck).
  1047 | D:2      | 1047 ||| Stepping randomly (stuck).
  1048 | D:2      | 1048 ||| Stepping randomly (stuck).
  1049 | D:2      | 1049 ||| Stepping randomly (stuck).
  1050 | D:2      | 1050 ||| Stepping randomly (stuck).
  1051 | D:2      | 1051 ||| Stepping randomly (stuck).
  1052 | D:2      | 1052 ||| Stepping randomly (stuck).
  1053 | D:2      | 1053 ||| Stepping randomly (stuck).
  1054 | D:2      | 1054 ||| Stepping randomly (stuck).
  1055 | D:2      | 1055 ||| Stepping randomly (stuck).
  1056 | D:2      | 1056 ||| Stepping randomly (stuck).
  1057 | D:2      | 1057 ||| Stepping randomly (stuck).
  1058 | D:2      | 1058 ||| Stepping randomly (stuck).
  1059 | D:2      | 1059 ||| Stepping randomly (stuck).
  1060 | D:2      | 1060 ||| Stepping randomly (stuck).
  1061 | D:2      | 1061 ||| Stepping randomly (stuck).
  1062 | D:2      | 1062 ||| Stepping randomly (stuck).
  1063 | D:2      | 1063 ||| Stepping randomly (stuck).
  1064 | D:2      | 1064 ||| Stepping randomly (stuck).
  1065 | D:2      | 1065 ||| Stepping randomly (stuck).
  1066 | D:2      | 1066 ||| Stepping randomly (stuck).
  1067 | D:2      | 1067 ||| Stepping randomly (stuck).
  1068 | D:2      | 1068 ||| Stepping randomly (stuck).
  1069 | D:2      | 1069 ||| Stepping randomly (stuck).
  1070 | D:2      | 1070 ||| Stepping randomly (stuck).
  1071 | D:2      | 1071 ||| Stepping randomly (stuck).
  1072 | D:2      | 1072 ||| Stepping randomly (stuck).
  1073 | D:2      | 1073 ||| Stepping randomly (stuck).
  1074 | D:2      | 1074 ||| Stepping randomly (stuck).
  1075 | D:2      | 1075 ||| Stepping randomly (stuck).
  1076 | D:2      | 1076 ||| Stepping randomly (stuck).
  1077 | D:2      | 1077 ||| Stepping randomly (stuck).
  1078 | D:2      | 1078 ||| Stepping randomly (stuck).
  1079 | D:2      | 1079 ||| Stepping randomly (stuck).
  1080 | D:2      | 1080 ||| Stepping randomly (stuck).
  1081 | D:2      | 1081 ||| Stepping randomly (stuck).
  1082 | D:2      | 1082 ||| Stepping randomly (stuck).
  1083 | D:2      | 1083 ||| Stepping randomly (stuck).
  1084 | D:2      | 1084 ||| Stepping randomly (stuck).
  1085 | D:2      | 1085 ||| Stepping randomly (stuck).
  1086 | D:2      | 1086 ||| Stepping randomly (stuck).
  1087 | D:2      | 1087 ||| Stepping randomly (stuck).
  1088 | D:2      | 1088 ||| Stepping randomly (stuck).
  1089 | D:2      | 1089 ||| Stepping randomly (stuck).
  1090 | D:2      | 1090 ||| Stepping randomly (stuck).
  1091 | D:2      | 1091 ||| Stepping randomly (stuck).
  1092 | D:2      | 1092 ||| Stepping randomly (stuck).
  1093 | D:2      | 1093 ||| Stepping randomly (stuck).
  1094 | D:2      | 1094 ||| Stepping randomly (stuck).
  1095 | D:2      | 1095 ||| Stepping randomly (stuck).
  1096 | D:2      | 1096 ||| Stepping randomly (stuck).
  1097 | D:2      | 1097 ||| Stepping randomly (stuck).
  1098 | D:2      | 1098 ||| Stepping randomly (stuck).
  1099 | D:2      | 1099 ||| Stepping randomly (stuck).
  1100 | D:2      | 1100 ||| Stepping randomly (stuck).
  1284 | D:2      | Reached XP level 4. HP: 28/28 MP: 4/4
  1291 | D:2      | Reached skill level 4 in Axes
  1410 | D:2      | 1410 ||| Stepping ~*~*~tactically~*~*~ (stealth).
  1554 | D:2      | 1554 ||| READING scroll of enchant armour.
  1554 | D:2      | 1554 ||| ENCHANTING +1 helmet.
  1642 | D:2      | 1642 ||| Stepping ~*~*~tactically~*~*~ (stealth).
  1643 | D:2      | 1643 ||| Stepping ~*~*~tactically~*~*~ (stealth).
  1990 | D:2      | 1990 ||| READING scroll labelled ZOEHOM IPUNA.
  1991 | D:2      | 1991 ||| READING scroll labelled MIS UBEDAHOU.
  1992 | D:2      | 1992 ||| DRINKING 3 golden potions.
  2028 | D:2      | 2028 ||| READING 2 scrolls of identify.
  2028 | D:2      | 2028 ||| IDENTIFYING fizzy coppery potion
  2029 | D:2      | 2029 ||| DROPPING potion of brilliance.
  2167 | D:3      | Reached XP level 5. HP: 32/32 MP: 5/5
  2225 | D:3      | Identified the +0 ring mail of Bedazzled Contentment {rN+}
  2251 | D:3      | 2251 ||| READING scroll of enchant weapon.
  2251 | D:3      | 2251 ||| ENCHANTING +1 war axe.
  2613 | D:3      | 2613 ||| Stepping ~*~*~tactically~*~*~ (hiding).
  2821 | D:3      | 2821 ||| READING scroll labelled QYUCREGOIK.
  2922 | D:3      | 2922 ||| DRINKING 2 clear potions.
  2923 | D:3      | 2923 ||| READING 4 scrolls of identify.
  2923 | D:3      | 2923 ||| IDENTIFYING dark potion
  2924 | D:3      | 2924 ||| READING 3 scrolls of identify.
  2924 | D:3      | 2924 ||| IDENTIFYING fuming amethyst potion
  2925 | D:3      | 2925 ||| READING 2 scrolls of identify.
  2925 | D:3      | 2925 ||| IDENTIFYING amethyst potion
  2926 | D:3      | 2926 ||| DROPPING potion of magic.
  2927 | D:3      | 2927 ||| DROPPING potion of invisibility.
  2928 | D:3      | 2928 ||| DROPPING potion of flight.
  3106 | D:4      | Reached skill level 5 in Axes
  3136 | D:4      | Noticed Dowan
  3137 | D:4      | Noticed Duvessa
  3143 | D:4      | Killed Dowan
  3146 | D:4      | Mangled by Duvessa

Levels and vault maps discovered:
D:1:      scummos_arrival_simple_crosswalls, layout_rooms, minmay_liquid_box
D:2:      layout_loops_ring, minmay_vboxes
D:3:      layout_basic
D:4:      layout_loops_corners, uniq_crazy_yiuf_cottage, uniq_duvessa

Skill      XL: |  1  2  3  4  5 |
---------------+----------------+-----
Axes           | 2 3 4 5 |  5.0
Fighting       | 4 |  4.0
Armour         | |  3.2
Shields        | |  3.2

Action                     |  1- 3 |  4- 6 || total
---------------------------+-------+-------++-------
  Melee: War axe           |    94 |    99 ||   193
  Throw: Boomerang         |       |    10 ||    10
    Use: Scroll            |     6 |     9 ||    15
         Potion            |     1 |     2 ||     3
 Armour: Scale mail        |    59 |    52 ||   111
  Dodge: Dodged            |    49 |    34 ||    83
  Block: Buckler           |    22 |    19 ||    41

Table legend:
 A = Non-vault XP
 B = Vault XP
 C = Vault XP percentage of total XP
 D = Non-vault monster count
 E = Vault monster count
 F = Vault count percentage of total count
                 A         B        C        D         E       F
            +---------+---------+-------+---------+---------+-------
      Total |     225 |      76 |  25.2 |      68 |       5 |   6.8
            +---------+---------+-------+---------+---------+-------
        D:1 |      57 |       0 |   0.0 |      31 |       0 |   0.0
        D:2 |      98 |       7 |   6.7 |      23 |       4 |  14.8
        D:3 |      25 |       0 |   0.0 |      11 |       0 |   0.0
        D:4 |      45 |      69 |  60.5 |       3 |       1 |  25.0
            +---------+---------+-------+---------+---------+-------
